[Event "Early-Titled-Tuesday-Blitz-July-09-2024"]
[Site "Chess.com"]
[Date "2024.07.09"]
[Round "9"]
[White "sergeikim"]
[Black "Ordekalog"]
[Result "0-1"]
[WhiteElo "2599"]
[BlackElo "2724"]
[TimeControl "180+1"]
[EndTime "9:45:27 PDT"]
[Termination "Ordekalog won on time"]

1. d4 d5 2. c4 e6 3. Nc3 c5 4. e3 Nf6 5. Nf3 Nc6 6. a3 a6 7.
Bd3 dxc4 8. Bxc4 b5 9. Ba2 Bb7 10. O-O Qc7 11. Qe2 cxd4 12. exd4 Ne7 13. Bg5 Rd8 14.
Ne5 Ned5 15. Rac1 Nxc3 16. Rxc3 Qd6 17. Rfc1 Be7 18. Rc7 Ba8 19. Bxf6 gxf6 20. Ng4 Qxd4 21. h3 h5 22. Bxe6 Qe4 23. Qxe4 Bxe4 24. Ne3 fxe6 25. f3 Ba8 26. Ra7 Kf7 27. Rcc7 Rhe8 28. f4 Kf8 29. f5 e5 30. g4 Rc8 31. gxh5 Rxc7 32. Rxc7 Kg7 33.
Ng4 Be4 34. h6+ Kf7 35. h7 Rh8 36. Nh6+ Kg7 37. Ng8 Rxh7 38. Nxe7 Rxh3 0-1

[Event "Early-Titled-Tuesday-Blitz-July-09-2024"]
[Site "Chess.com"]
[Date "2024.07.09"]
[Round "9"]
[White "brm72"]
[Black "DanLowinger"]
[Result "1-0"]
[WhiteElo "2654"]
[BlackElo "2421"]
[TimeControl "180+1"]
[EndTime "9:45:27 PDT"]
[Termination "brm72 won on time"]

1. e4 c5 2. Nf3 d6 3. d4 cxd4 4. Nxd4 Nf6 5. Nc3 g6 6. f3 Bg7 7. Be3 O-O 8. Qd2 Nc6 9. O-O-O d5 10. Qe1 e5 11. Nxc6 bxc6 12. exd5 Nxd5 13. Bc4 Be6 14.
Kb1 Qc7 15. Bb3 Nxc3+ 16. Qxc3 e4 17. Bd4 Bxd4 18. Rxd4 Bxb3 19. axb3 exf3 20. Qxf3 Rad8 21. Rc4 Rd6 22. h4 h5 23. g4 hxg4 24. Qxg4 Kg7 25. h5 Rh8 26. Rh4 Qa5 27. h6+ Kh7 28. Rh1 Rhd8 29.
Rf1 f5 30. Qe2 R8d7 31. Ra4 Qb6 32. Ka2 Qc7 33. Rg1 Re7 34. Qg2 Ree6 35. Qg5 1-0

[Event "Early-Titled-Tuesday-Blitz-July-09-2024"]
[Site "Chess.com"]
[Date "2024.07.09"]
[Round "9"]
[White "Matols"]
[Black "MusicCityMaster"]
[Result "0-1"]
[WhiteElo "2361"]
[BlackElo "2510"]
[TimeControl "180+1"]
[EndTime "9:45:27 PDT"]
[Termination "MusicCityMaster won by checkmate"]

1. d4 Nf6 2. c4 c5 3. d5 b5 4. cxb5 a6 5. bxa6 g6 6. Nc3 Bg7 7. Nf3 O-O 8. g3 d6 9. Bg2 Bxa6 10. O-O Nbd7 11. Rb1 Qa5 12. Bd2 Bb7 13. Ne1 Qa6 14. b3 Nb6 15. e4 Nbd7 16. Qc2 Ng4 17. h3 Ngf6 18. f4 Qb6 19. Kh2 Ba6 20. Rf2 e6 21. dxe6 fxe6 22. Nf3 d5 23. exd5 exd5 24. Ne5 Nxe5 25.
fxe5 Ng4+ 26. hxg4 Rxf2 27. Nxd5 Qb7 28. Qxc5 Rxd2 29. Rd1 Rxg2+ 30. Kxg2 Be2 31. Rd2 Bxg4 32. Kh2 Kh8 33. Nf6 Qf3 34. Qd4 Be6 35. b4 Qf1 36. a3 Rc8 37. a4 Qh3+ 38. Kg1 Qxg3+ 39. Kf1 Rc1+ 40. Ke2 Re1# 0-1

[Event "Early-Titled-Tuesday-Blitz-July-09-2024"]
[Site "Chess.com"]
[Date "2024.07.09"]
[Round "9"]
[White "mind1mover"]
[Black "Statham_01"]
[Result "1-0"]
[WhiteElo "2825"]
[BlackElo "2663"]
[TimeControl "180+1"]
[EndTime "9:45:28 PDT"]
[Termination "mind1mover won by checkmate"]

1. c4 e5 2. Nf3 e4 3. Nd4 Nc6 4. e3 Nf6 5. Nc3 d5 6. cxd5 Ne5 7. Qc2 Bd6 8. Nxe4 O-O 9. Nxf6+ Qxf6 10. Be2 c5 11.
dxc6 bxc6 12. f4 Ng6 13. Nf3 Bf5 14. d3 Rfe8 15. O-O Rad8 16. e4 Bg4 17. e5 Qe7 18. d4 Bc7 19. Be3 Kh8 20. Rad1 f6 21. h3 Bc8 22. f5 fxe5 23. fxg6 exd4 24. Bg5 Qd6 25. Bxd8 Rxd8 26. Rf2 Bxh3 27. Rxd4 Qg3 28. Rxd8+ Bxd8 29. Qe4 hxg6 30. Qe8+ Kh7 31. Qxd8 Bf5 32. Ng5+ Kh6 33. Nf7+ Kh7 34. Qh8# 1-0

[Event "Early-Titled-Tuesday-Blitz-July-09-2024"]
[Site "Chess.com"]
[Date "2024.07.09"]
[Round "9"]
[White "LikeWater"]
[Black "el008"]
[Result "0-1"]
[WhiteElo "2688"]
[BlackElo "2562"]
[TimeControl "180+1"]
[EndTime "9:45:29 PDT"]
[Termination "el008 won by resignation"]

1. e4 c5 2. c3 e6 3. d4 Nf6 4.
e5 Nd5 5. c4 Nb6 6. d5 d6 7.
exd6 Bxd6 8. Nc3 exd5 9. cxd5 O-O 10. Nf3 c4 11. Be2 N8d7 12. O-O Nc5 13. Nd4 a6 14. Be3 Bd7 15. b4 Nca4 16. Ne4 Bxb4 17. Rb1 a5 18. Nf3 Bf5 19. Qd4 Bxe4 20. Qxe4 Nc3 21. Qc2 Nxb1 22. Ng5 g6 23. Rxb1 Nxd5 24. Bc1 Nc3 25.
Bb2 Nxe2+ 26. Qxe2 Qxg5 27. Qxc4 Rad8 28. h4 Qd5 29. Qf4 f5 30. Qh6 Qf7 31. h5 Rfe8 32. hxg6 Qxg6 33. Qh3 Bf8 34. Ba1 Bg7 35. Bxg7 Qxg7 36.
Qxf5 Kh8 37. Qf3 Rf8 38. Qe4 Rde8 39. Qd5 Qf6 40. f3 b6 41. Qd3 Re7 42. Rb5 Rg7 43. Rh5 Qa1+ 44. Kh2 Qf6 45. Rd5 Qf4+ 46. Kh1 Qg3 47.
Qd2 Qh4+ 48. Kg1 Rfg8 49. Qb2 Qe1+ 50. Kh2 Qe6 51. Rh5 Qg6 52. g4 h6 53. Qd2 Kh7 54. Kg3 Qxh5 0-1

[Event "Early-Titled-Tuesday-Blitz-July-09-2024"]
[Site "Chess.com"]
[Date "2024.07.09"]
[Round "9"]
[White "KNVB"]
[Black "ACollins05"]
[Result "1/2-1/2"]
[WhiteElo "2654"]
[BlackElo "2499"]
[TimeControl "180+1"]
[EndTime "9:45:30 PDT"]
[Termination "Game drawn - insufficient material"]

1. d4 b5 2. e4 a6 3. c4 Bb7 4. cxb5 Bxe4 5. bxa6 Nf6 6. Nc3 Nxa6 7. Nxe4 Nxe4 8.
Bxa6 Rxa6 9. Qd3 Qa8 10. Nf3 e6 11. O-O Be7 12. Re1 d5 13. a3 O-O 14. Be3 Rb8 15.
Re2 Rab6 16. Ra2 Rb3 17. Qd1 Qa6 18. Rc2 Bd6 19. g3 R8b6 20. Kg2 Qb7 21. Qe2 h6 22. Bc1 Be7 23. a4 Bf6 24. a5 Ra6 25. Bf4 c6 26. Nd2 Nxd2 27. Qxd2 Rb4 28. Ra3 Rxd4 29. Qe2 Rb4 30.
Be3 Rxb2 31. Rxb2 Qxb2 32. Qxb2 Bxb2 33. Rb3 d4 34. Bd2 Bc3 35. Bxc3 dxc3 36. Rxc3 Kf8 37.
Kf3 Ke7 38. Ke4 Kd6 39. Ra3 Kc5 40. Ke5 Kb4 41. Rf3 Rxa5+ 42. Kd6 Rf5 43. Rxf5 exf5 44. Kxc6 Kc3 45. Kd6 Kd3 46. Ke7 Ke2 47. Kxf7 Kxf2 48. Kxg7 Kg2 49. Kxh6 Kxh2 50. Kg5 Kxg3 51. Kxf5 1/2-1/2

[Event "Early-Titled-Tuesday-Blitz-July-09-2024"]
[Site "Chess.com"]
[Date "2024.07.09"]
[Round "9"]
[White "Feegus"]
[Black "tylityli"]
[Result "1/2-1/2"]
[WhiteElo "2593"]
[BlackElo "2395"]
[TimeControl "180+1"]
[EndTime "9:45:31 PDT"]
[Termination "Game drawn by repetition"]

1. d4 Nf6 2. c4 e6 3. Nf3 Bb4+ 4. Bd2 Qe7 5. g3 Nc6 6. b3 O-O 7. Bg2 a5 8. O-O Bxd2 9. Qxd2 d6 10. Nc3 h6 11. Rac1 Rd8 12. d5 Ne5 13. Nd4 Ned7 14. Ncb5 Nc5 15. dxe6 fxe6 16. Rfd1 e5 17. Nc2 Bf5 18.
Ne3 Be4 19. Nd5 Bxd5 20. cxd5 e4 21. a3 Nxb3 22. Rxc7 Qxc7 23. Nxc7 Nxd2 24. Nxa8 Nc4 25. Nc7 Nxa3 26. Ra1 Nc4 27. Ra4 Nb6 28. Rxa5 Rc8 29. Nb5 Rc5 30. f3 Nfxd5 31. fxe4 Nc3 32. Ra7 Nxb5 33. Rxb7 Nc4 34. Kf2 Nd4 35. Bh3 g6 36. e3 Nc2 37. Be6+ Kf8 38. Rf7+ Ke8 39. Rg7 g5 40. Rh7 N2xe3 41. h3 Re5 42. Bd5 Nxd5 43. exd5 Rxd5 44. Rxh6 Ke7 45. Kf3 Ne5+ 46. Ke4 Rd3 47. g4 Rf3 48. Kd5 Rd3+ 49. Ke4 Rf3 50. Kd5 Rd3+ 51.
Ke4 1/2-1/2

[Event "Early-Titled-Tuesday-Blitz-July-09-2024"]
[Site "Chess.com"]
[Date "2024.07.09"]
[Round "9"]
[White "WPWPWP-2015"]
[Black "madmax011"]
[Result "1-0"]
[WhiteElo "2514"]
[BlackElo "2353"]
[TimeControl "180+1"]
[EndTime "9:45:31 PDT"]
[Termination "WPWPWP-2015 won by checkmate"]

1. d4 Nf6 2. c4 g6 3. Nc3 d5 4.
cxd5 Nxd5 5. Nf3 Bg7 6. e4 Nxc3 7. bxc3 c5 8. Be3 O-O 9. Be2 Qa5 10. Qd2 cxd4 11. cxd4 Qxd2+ 12. Kxd2 Rd8 13. Rhd1 Nc6 14.
Ke1 Bg4 15. Rab1 Bxf3 16. gxf3 Nxd4 17. Rxb7 Nc2+ 18. Kf1 Nxe3+ 19. fxe3 Rxd1+ 20. Bxd1 e6 21. Bb3 Bf8 22. Ke2 Bc5 23. e5 Rd8 24. f4 h5 25.
Bc2 Bb6 26. a4 Rc8 27. Bd3 Rc5 28. Rd7 Kf8 29. h3 Ke8 30. Rb7 Kf8 31. Rb8+ Kg7 32. Ra8 Rc1 33. a5 Bxa5 34. Rxa7 Re1+ 35. Kf2 Ra1 36.
Kf3 Ra3 37. Rd7 Bb6 38. h4 Ra1 39. Bc4 Kf8 40. Rd6 Ba7 41. Rd8+ Ke7 42. Rc8 Ra3 43. Bb5 Rxe3+ 44. Kg2 Ra3 45. Re8# 1-0

[Event "Early-Titled-Tuesday-Blitz-July-09-2024"]
[Site "Chess.com"]
[Date "2024.07.09"]
[Round "9"]
[White "Sam_ChessMood"]
[Black "BardArtem"]
[Result "1-0"]
[WhiteElo "2940"]
[BlackElo "2819"]
[TimeControl "180+1"]
[EndTime "9:45:32 PDT"]
[Termination "Sam_ChessMood won on time"]

1. d4 d5 2. c4 e6 3. Nc3 Nf6 4. Nf3 c5 5. e3 a6 6. cxd5 exd5 7.
Bd3 Nc6 8. O-O cxd4 9. exd4 h6 10. Ne5 Be7 11. Be3 O-O 12. f4 Bb4 13. Rc1 Re8 14. Qf3 Bxc3 15. Rxc3 Qb6 16. Rb3 Qa5 17. a3 Qa4 18. Rc3 Nxd4 19. Qd1 Qxd1 20. Rxd1 Nc6 21. Nxc6 Rxe3 22. Ne5 d4 23. Rc4 Nd5 24. Rxd4 Be6 25. Kf2 f6 26. Nc4 Rxd3 27. R1xd3 Rc8 28. Nd6 Rc5 29. f5 Nb6 30. fxe6 1-0

[Event "Early-Titled-Tuesday-Blitz-July-09-2024"]
[Site "Chess.com"]
[Date "2024.07.09"]
[Round "9"]
[White "chessdjw"]
[Black "VaglioSagan"]
[Result "1-0"]
[WhiteElo "2746"]
[BlackElo "2509"]
[TimeControl "180+1"]
[EndTime "9:45:32 PDT"]
[Termination "chessdjw won by resignation"]

1. c4 c6 2. Nc3 d5 3. d4 Nf6 4.
e3 e6 5. Qc2 Nbd7 6. Nf3 a6 7.
b3 Bb4 8. Bd3 Ne4 9. Bb2 f5 10.
O-O O-O 11. Ne2 Bd6 12. Nf4 Qf6 13. Be2 g5 14. Nd3 g4 15. Nfe5 Bxe5 16. dxe5 Qg5 17.
cxd5 cxd5 18. Qc7 Rf7 19. Rac1 Ndc5 20. Qb6 Nxd3 21. Bxd3 Bd7 22. Qxb7 Raf8 23. Rc7 Bb5 24. Rxf7 Rxf7 25. Qc8+ Kg7 26. Bxb5 axb5 27. Qxe6 g3 28. hxg3 Nxg3 29. fxg3 Qxe3+ 30. Kh2 Qe2 31. Rxf5 Rxf5 32. Qxf5 Qxb2 33. Qf6+ Kg8 34. Qd8+ Kg7 35. Qxd5 Qe2 36. Qd7+ Kg6 37. Qe6+ Kg7 38. Qf6+ Kg8 39. e6 Qh5+ 40. Qh4 Qe5 41. e7 h5 42. a4 bxa4 43.
bxa4 Kf7 44. Qf4+ 1-0

[Event "Early-Titled-Tuesday-Blitz-July-09-2024"]
[Site "Chess.com"]
[Date "2024.07.09"]
[Round "9"]
[White "Szachulec75"]
[Black "NovakRatko"]
[Result "1-0"]
[WhiteElo "2245"]
[BlackElo "2353"]
[TimeControl "180+1"]
[EndTime "9:45:33 PDT"]
[Termination "Szachulec75 won by resignation"]

1. Nf3 d5 2. g3 c5 3. Bg2 Nc6 4. d3 e5 5. O-O f6 6. c4 d4 7.
e3 Bg4 8. exd4 cxd4 9. Re1 Bb4 10. Bd2 Nge7 11. Bxb4 Nxb4 12. a3 Nbc6 13. b4 a6 14.
Nbd2 O-O 15. Qb3 Kh8 16. Ne4 b5 17. Nc5 Qd6 18. Nd2 f5 19. a4 bxc4 20. Nxc4 Qc7 21. Ne6 Qc8 22. Nb6 Qb7 23. Nxa8 Rxa8 24. Rxe5 Rb8 25.
b5 axb5 26. Rxb5 Qc8 27. Rxb8 Nxb8 28. a5 h6 29. Nxd4 Na6 30. Re1 Ng6 31. Qf7 Kh7 32.
Ne6 Qg8 33. Qxg8+ Kxg8 34. Rb1 Kf7 35. Rb6 f4 36. Bd5 Ne7 37. Nxf4+ Nxd5 38. Nxd5 Bf3 39. Rxa6 Bxd5 40. Rb6 1-0

[Event "Early-Titled-Tuesday-Blitz-July-09-2024"]
[Site "Chess.com"]
[Date "2024.07.09"]
[Round "9"]
[White "ilovejokes555"]
[Black "zverr1"]
[Result "0-1"]
[WhiteElo "2350"]
[BlackElo "2548"]
[TimeControl "180+1"]
[EndTime "9:45:34 PDT"]
[Termination "zverr1 won by resignation"]

1. e4 c5 2. Nf3 Nc6 3. d4 cxd4 4.
Nxd4 g6 5. c4 Nf6 6. Nc3 Nxd4 7.
Qxd4 d6 8. Be3 Bg7 9. Be2 O-O 10. Qd2 Be6 11. O-O Qa5 12. Rac1 Rfc8 13. b3 a6 14. Rfd1 b5 15. cxb5 axb5 16. Nxb5 Rxc1 17. Qxc1 Qxa2 18. Bc4 Nxe4 19. Bxe6 fxe6 20. Qc4 d5 21. Qc6 Qa6 22. Qd7 Nf6 23. Qxe7 Qxb5 24. Qxe6+ Kh8 25. Bd4 Qxb3 26. Rc1 Rf8 27. h3 Qb7 28. Ra1 Re8 29. Qd6 Ne4 30. Bxg7+ Qxg7 31. Qa3 Qf6 32. f3 Qd4+ 33. Kh2 Qe5+ 34.
Kg1 Ng3 35. Rd1 Ne2+ 36. Kh1 d4 37. Qd3 Qe3 38. Qb5 Nc3 39. Rd3 Nxb5 40. Rxe3 dxe3 0-1

[Event "Early-Titled-Tuesday-Blitz-July-09-2024"]
[Site "Chess.com"]
[Date "2024.07.09"]
[Round "9"]
[White "FrenchPlayer2203"]
[Black "Cheer_Down"]
[Result "0-1"]
[WhiteElo "2290"]
[BlackElo "2429"]
[TimeControl "180+1"]
[EndTime "9:45:34 PDT"]
[Termination "Cheer_Down won on time"]

1. d4 d5 2. c4 e6 3. Nc3 Nf6 4. Nf3 Nbd7 5. Bf4 dxc4 6. e3 b5 7. Nxb5 Bb4+ 8. Nc3 Nd5 9. Qc2 N7b6 10. Be2 Nxf4 11.
exf4 O-O 12. O-O Ba6 13. Rad1 Qe7 14. Ne5 c5 15. dxc5 Bxc5 16. Bf3 Rac8 17. Be4 g6 18. Rfe1 Bb7 19. Bxb7 Qxb7 20. Ne4 Be7 21. Nf3 Rfd8 22. Nfg5 Nd5 23. h4 Nxf4 24. Qc3 Rxd1 25. Rxd1 Bxg5 26.
Qf3 Qxb2 27. Nxg5 e5 28. Rd7 Rf8 29. Qb7 Qxb7 30. Rxb7 h6 0-1

[Event "Early-Titled-Tuesday-Blitz-July-09-2024"]
[Site "Chess.com"]
[Date "2024.07.09"]
[Round "9"]
[White "Aygehovit1992"]
[Black "MatthewG-p4p"]
[Result "0-1"]
[WhiteElo "2782"]
[BlackElo "2922"]
[TimeControl "180+1"]
[EndTime "9:45:35 PDT"]
[Termination "MatthewG-p4p won on time"]

1. e4 e6 2. d4 d5 3. Nc3 Bb4 4.
Ne2 Nf6 5. e5 Nfd7 6. a3 Be7 7.
f4 c5 8. f5 cxd4 9. fxe6 dxc3 10. exd7+ Bxd7 11. Nxc3 Be6 12. Bf4 Nc6 13. Bb5 O-O 14. Qh5 d4 15. Bxc6 dxc3 16. Be4 g6 17. Qf3 cxb2 18. Rb1 Qa5+ 19. Bd2 Qxa3 20. O-O Ba2 21.
Rbe1 Bc5+ 22. Kh1 Qxf3 23. Bxf3 Rad8 24. Bc3 b1=Q 25. Rxb1 Bxb1 26. Rxb1 b6 27. h4 Bd4 28.
Bb4 Rfe8 29. Bc6 Rxe5 30. c3 Bc5 0-1

[Event "Early-Titled-Tuesday-Blitz-July-09-2024"]
[Site "Chess.com"]
[Date "2024.07.09"]
[Round "9"]
[White "Alex_Sahakyan2006"]
[Black "Flaccidmoves"]
[Result "1-0"]
[WhiteElo "2741"]
[BlackElo "2577"]
[TimeControl "180+1"]
[EndTime "9:45:35 PDT"]
[Termination "Alex_Sahakyan2006 won by checkmate"]

1. e4 e5 2. Nf3 Nc6 3. Nc3 Nf6 4. Bb5 Bd6 5. O-O O-O 6. d3 a6 7. Ba4 b5 8. Bb3 Bb7 9. a4 b4 10. Nd5 Nxd5 11. Bxd5 Qe7 12. Bg5 Qe8 13. a5 Kh8 14.
c3 f5 15. exf5 Rxf5 16. Be4 Rf8 17. Be3 Qh5 18. h3 Rab8 19. Nd2 Qxd1 20. Rfxd1 Be7 21.
Nc4 d6 22. Bd5 Nd8 23. Ba7 Bxd5 24. Bxb8 Ne6 25. Ba7 Nf4 26. Ne3 Bb7 27. f3 Ra8 28.
Nf5 Bf6 29. Bf2 bxc3 30. bxc3 Ne2+ 31. Kf1 Nxc3 32. Rdc1 Nb5 33. Bh4 g5 34. Bf2 e4 35.
dxe4 Bxa1 36. Rxa1 Rf8 37. Be3 d5 38. Bxg5 dxe4 39.
g4 exf3 40. Re1 Bc8 41. Bf6+ Kg8 42. Nh6# 1-0

[Event "Early-Titled-Tuesday-Blitz-July-09-2024"]
[Site "Chess.com"]
[Date "2024.07.09"]
[Round "9"]
[White "Irina_Mikhaylova"]
[Black "Mostii"]
[Result "0-1"]
[WhiteElo "2389"]
[BlackElo "2513"]
[TimeControl "180+1"]
[EndTime "9:45:35 PDT"]
[Termination "Mostii won by checkmate"]

1. d4 e6 2. c4 b6 3. Nf3 Bb7 4.
a3 Nf6 5. Nc3 g6 6. d5 Bg7 7. e4 exd5 8. exd5 O-O 9. Be2 a5 10.
O-O d6 11. Bg5 Nbd7 12. Qc2 h6 13. Bh4 g5 14. Bg3 Nh5 15. Rad1 Bc8 16. Nd4 Nxg3 17. hxg3 Qf6 18. g4 Ne5 19. f3 Bd7 20. Rfe1 a4 21. Bf1 Rfe8 22. Ndb5 Bxb5 23. Nxb5 Re7 24. Nd4 Rae8 25. Re4 Nd7 26. Rxe7 Rxe7 27. Nf5 Re5 28. Qxa4 Nc5 29. Qc2 Re8 30. b4 Nd7 31. Qd2 h5 32. Re1 Ne5 33. Be2 Ng6 34. gxh5 Nf4 35. Nxg7 Kxg7 36. g3 Qd4+ 37. Kh2 Qf2+ 38. Kh1 Qg2# 0-1

[Event "Early-Titled-Tuesday-Blitz-July-09-2024"]
[Site "Chess.com"]
[Date "2024.07.09"]
[Round "9"]
[White "Os55555"]
[Black "ImportedItalianMaple"]
[Result "0-1"]
[WhiteElo "2323"]
[BlackElo "2478"]
[TimeControl "180+1"]
[EndTime "9:45:37 PDT"]
[Termination "ImportedItalianMaple won by checkmate"]

1. b3 d6 2. Bb2 e5 3. e3 g6 4. Nf3 Bg7 5. Bb5+ c6 6. Be2 f5 7. d3 Nf6 8. Nbd2 O-O 9. O-O h6 10. h3 g5 11. Nh2 Qe7 12. f4 Nbd7 13. fxg5 hxg5 14. Ndf3 Nd5 15. Qd2 f4 16. e4 Ne3 17.
Rf2 g4 18. hxg4 Nf6 19. Nh4 Nxe4 20. dxe4 Qxh4 21. Qxd6 Nxg4 22. Bxg4 Bxg4 23. Bxe5 Rad8 24. Qc7 Rd7 25. Qa5 Bxe5 26. Qxe5 Rh7 27. g3 Qxg3+ 28.
Rg2 Qe3+ 29. Kf1 Rg7 30. Rxg4 Qh3+ 31. Ke1 Rxg4 32. Qe6+ Kh8 33. Qxg4 Qxh2 34. Rd1 f3 35.
Rd7 Qe2# 0-1

[Event "Early-Titled-Tuesday-Blitz-July-09-2024"]
[Site "Chess.com"]
[Date "2024.07.09"]
[Round "9"]
[White "Chernov_Alexander_A"]
[Black "Dino_Ballecer"]
[Result "1/2-1/2"]
[WhiteElo "2279"]
[BlackElo "2565"]
[TimeControl "180+1"]
[EndTime "9:45:37 PDT"]
[Termination "Game drawn by repetition"]

1. d4 c5 2. d5 Nf6 3. Nc3 d6 4. e4 g6 5. Nf3 Bg7 6. Be2 O-O 7. O-O Na6 8. Nd2 Nc7 9. a4 b6 10. Nc4 Nd7 11. Bf4 Ba6 12. Re1 Rb8 13. Qd2 Bxc4 14.
Bxc4 a6 15. Qd3 Bxc3 16. Qxc3 f6 17. Be2 b5 18. b3 Ne5 19. Qd2 Rf7 20. axb5 axb5 21.
Ra7 b4 22. Rea1 Ra8 23. Rxa8 Nxa8 24. h3 Nc7 25. Be3 g5 26. Ra7 Qb8 27. Ra4 Rf8 28.
Bg4 Qb7 29. Bf5 h6 30. Kh2 Ra8 31. Rxa8+ Qxa8 32. Qe2 Qe8 33. g3 Kg7 34. f4 Nd7 35. h4 gxh4 36. gxh4 Nf8 37. Qg4+ Kh8 38. h5 Qf7 39. Bg6 Nxg6 40. hxg6 Qe8 41. f5 Qb5 42. Bxh6 Qf1 43. Bf4 Qf2+ 44. Kh3 Qf1+ 45. Kh2 Qf2+ 46.
Kh3 Qf1+ 47. Kh2 1/2-1/2

[Event "Early-Titled-Tuesday-Blitz-July-09-2024"]
[Site "Chess.com"]
[Date "2024.07.09"]
[Round "9"]
[White "hakanazeri2"]
[Black "Rakhmanov_Aleksandr"]
[Result "1-0"]
[WhiteElo "2669"]
[BlackElo "2848"]
[TimeControl "180+1"]
[EndTime "9:45:38 PDT"]
[Termination "hakanazeri2 won on time"]

1. Nf3 d5 2. d4 c6 3. c4 e6 4. g3 f5 5. Bg2 Nf6 6. O-O Bd6 7.
b3 Qe7 8. a4 a5 9. Ba3 Bxa3 10.
Nxa3 Nbd7 11. Nc2 O-O 12. Nce1 Ne4 13. Nd3 Ndf6 14. Nfe5 Bd7 15. e3 Be8 16. Rc1 Bh5 17.
Qc2 g5 18. f3 Nd6 19. h3 Bg6 20. f4 gxf4 21. Nxf4 Kg7 22. g4 Nde4 23. cxd5 exd5 24. Nfxg6 hxg6 25. gxf5 Ng3 26. Rf3 Nxf5 27. Nxg6 Qe4 28. Nxf8 Rxf8 29. Rxf5 Qxe3+ 30. Kh1 Ne4 31. Rxf8 Ng3+ 32.
Kh2 Kxf8 33. Rf1+ Nxf1+ 34. Bxf1 Qf4+ 35. Kg2 Qg5+ 36. Kh1 Qf4 37. Kg1 Qxd4+ 38. Qf2+ Qxf2+ 39. Kxf2 Kg7 40. Ke3 Kf6 41. Kd4 b6 42. h4 Ke6 43.
Bh3+ Kd6 44. h5 c5+ 45. Kd3 Ke7 46. Bg2 d4 47. Kc4 Kf6 48. Be4 1-0

[Event "Early-Titled-Tuesday-Blitz-July-09-2024"]
[Site "Chess.com"]
[Date "2024.07.09"]
[Round "9"]
[White "pfalcon1949"]
[Black "SuperGPatzer"]
[Result "1-0"]
[WhiteElo "1915"]
[BlackElo "2119"]
[TimeControl "180+1"]
[EndTime "9:45:38 PDT"]
[Termination "pfalcon1949 won on time"]

1. e4 g5 2. Nf3 d6 3. d4 g4 4. Nfd2 Bg7 5. c3 e5 6. Nb3 Nc6 7. Be2 h5 8. Be3 Nge7 9. d5 Nb8 10. Na3 a6 11. Nc2 Nd7 12. Qd2 Nf6 13. f3 b5 14.
O-O-O Bd7 15. Rhf1 gxf3 16. gxf3 a5 17. Kb1 Qb8 18.
Bd3 c5 19. dxc6 Nxc6 20. Be2 Bf8 21. Bg5 Nh7 22. Bh4 b4 23. cxb4 Nxb4 24. Nxb4 Qxb4 25.
Be1 Qxd2 26. Nxd2 a4 27. Nc4 Bh3 28. Rg1 Rd8 29. Bb4 d5 30. Bxf8 Nxf8 31. Nxe5 d4 32. Bb5+ Ke7 33. Nc6+ Kd7 34. Nxd8+ Kxd8 35. Rxd4+ Kc7 36. Rc1+ Kb6 37. Bxa4 Ne6 38. Rc6+ Kb7 39. Rc5 Nxc5 40. Rc4 Kb6 41. Bc2 Rd8 42. a3 Rd2 43.
Rc3 Bf1 44. b4 Na4 45. Bxa4 Bd3+ 46. Kc1 1-0

[Event "Early-Titled-Tuesday-Blitz-July-09-2024"]
[Site "Chess.com"]
[Date "2024.07.09"]
[Round "9"]
[White "temus_galaktionov"]
[Black "MKlose11"]
[Result "1-0"]
[WhiteElo "2843"]
[BlackElo "2668"]
[TimeControl "180+1"]
[EndTime "9:45:39 PDT"]
[Termination "temus_galaktionov won by resignation"]

1. d4 Nf6 2. c4 c5 3. Nf3 cxd4 4. Nxd4 Nc6 5. Nf3 g6 6. Nc3 Bg7 7. g3 O-O 8. Bg2 d6 9. O-O Bd7 10. Bf4 Qa5 11. Rc1 Rfe8 12. Qd2 Rac8 13. Rfd1 Qh5 14. b3 Bh3 15. Nd5 Bxg2 16. Kxg2 Qf5 17. h3 Qe4 18. Nc3 Qf5 19. g4 Qe6 20. Nd5 Qe4 21. Nc3 Qe6 22.
Ng5 Qd7 23. c5 h6 24. Nf3 e5 25. Bg3 e4 26. Nh2 d5 27. Nxd5 Qe6 28. Nc7 Rxc7 29.
Bxc7 h5 30. Qd6 Qc8 31. g5 Nh7 32. h4 Be5 33. Qd7 Bxc7 34. Qxc8 Rxc8 35. Rc4 f5 36. gxf6 Nxf6 37. Nf1 Ne5 38. Rcd4 Kf7 39. Ng3 e3 40. f3 Nc6 41. Rc4 Re8 42. b4 a6 43.
a4 Ne7 44. b5 axb5 45. axb5 Bxg3 46. Kxg3 Nf5+ 47. Kg2 Rc8 48. c6 bxc6 49. bxc6 Ne7 50.
Rd6 Ne8 51. Rd7 Ke6 52. Re4+ Kf6 53. Rdxe7 Nd6 54. R7e6+ Kf5 55. Rxd6 1-0

[Event "Early-Titled-Tuesday-Blitz-July-09-2024"]
[Site "Chess.com"]
[Date "2024.07.09"]
[Round "9"]
[White "Mikasinski"]
[Black "coalescenet"]
[Result "1-0"]
[WhiteElo "2698"]
[BlackElo "2398"]
[TimeControl "180+1"]
[EndTime "9:45:40 PDT"]
[Termination "Mikasinski won by resignation"]

1. e4 c6 2. d4 d5 3. e5 Bf5 4.
h4 h6 5. g4 Bd7 6. h5 c5 7. dxc5 e6 8. Be3 Qc7 9. f4 Bxc5 10.
Bxc5 Qxc5 11. Nf3 Qb4+ 12. Qd2 Qxb2 13. Qd4 Qxc2 14. Nbd2 Nc6 15. Qf2 Nge7 16. Be2 Qb2 17. Rb1 Qxa2 18. Rxb7 Bc8 19. Rb1 Ba6 20. O-O Bxe2 21.
Qxe2 Qa5 22. Rfc1 O-O 23. f5 exf5 24. gxf5 Nd8 25. f6 Nf5 26. fxg7 Re8 27. Qd3 Nxg7 28.
Qe3 Qa6 29. Qf4 Nxh5 30. Qg4+ Qg6 31. Qxg6+ fxg6 32. Rc7 g5 33. Rf1 Ne6 34. Rd7 Rad8 35. Rxa7 Nef4 36. Kh2 g4 37. Rg1 g3+ 38. Kh1 Kh8 39. Ra6 Re6 40. Ra4 d4 41. Ne4 d3 42. Nd6 g2+ 43. Kh2 Rdxd6 44. exd6 Rxd6 45. Ne5 d2 46. Nf7+ Kg7 47. Nxd6 Nf6 48. Rxf4 1-0

[Event "Early-Titled-Tuesday-Blitz-July-09-2024"]
[Site "Chess.com"]
[Date "2024.07.09"]
[Round "9"]
[White "gpsji27"]
[Black "kacperkarwowski"]
[Result "0-1"]
[WhiteElo "2361"]
[BlackElo "2548"]
[TimeControl "180+1"]
[EndTime "9:45:40 PDT"]
[Termination "kacperkarwowski won by resignation"]

1. d4 d5 2. Nf3 e6 3. Bg5 f6 4. Bh4 g5 5. Bg3 h5 6. h4 g4 7. Nfd2 Bd6 8. Bxd6 Qxd6 9. e4 Nc6 10. c3 f5 11.
exd5 exd5 12. Na3 a6 13. Qc2 Nf6 14. Bd3 Ne4 15. Bxe4 fxe4 16. O-O-O O-O 17. f3 e3 18. Nf1 Bf5 19. Qe2 Rae8 20. Nc2 Na5 21. Ncxe3 Nc4 22.
Nxf5 Rxe2 23. Nxd6 cxd6 24. Nd2 Ne3 25. Rde1 Rxe1+ 26. Rxe1 Nxg2 27. Rg1 Ne3 28. fxg4 Nxg4 29. Nf1 Kh7 30.
Ng3 Kg6 31. Re1 Rf3 32. Nf1 Kf7 33. Nd2 Rf2 34. c4 Nf6 35. cxd5 Rf4 36. Nc4 Rxd4 37. Nxd6+ Kg6 38. Rg1+ Ng4 39. Nxb7 Rxd5 40. b4 Rb5 41. Nc5 Rxb4 42. Nd3 Ra4 43. Kb2 Ra5 44. Kb3 Kf5 45.
Rf1+ Ke4 46. Nb4 Rb5 47. a4 Rb7 48. Kc4 Ne3+ 49. Kc5 Nxf1 0-1

[Event "Early-Titled-Tuesday-Blitz-July-09-2024"]
[Site "Chess.com"]
[Date "2024.07.09"]
[Round "9"]
[White "Naruto75_3"]
[Black "Alex_Banzea"]
[Result "0-1"]
[WhiteElo "2562"]
[BlackElo "2706"]
[TimeControl "180+1"]
[EndTime "9:45:41 PDT"]
[Termination "Alex_Banzea won by resignation"]

1. d4 Nf6 2. c4 g6 3. Nc3 Bg7 4. Nf3 d6 5. Bg5 h6 6. Bh4 c5 7. e3 g5 8. Bg3 Nh5 9. Be2 Nxg3 10. hxg3 g4 11. Nh4 cxd4 12. exd4 h5 13. f3 Nc6 14. fxg4 Nxd4 15. gxh5 Qb6 16. Qd2 Nxe2 17. Qxe2 Qa5 18. O-O Qxh5 19. Qxh5 Rxh5 20. Nd5 Bd4+ 21. Kh1 Bb6 22.
Rae1 Be6 23. Nf4 Rh6 24. Nxe6 fxe6 25. Rf4 Kd7 26. b4 e5 27. Rf7 Bd4 28. Kh2 Rc8 29. Rc1 Rf6 30. Rxf6 exf6 31. Kh3 Ke6 32. Kg4 b5 33. c5 dxc5 34. bxc5 f5+ 35. Kf3 Rxc5 36. Rxc5 Bxc5 37. g4 fxg4+ 38. Kxg4 a5 39. Nf3 b4 40. Nd2 a4 41. Kf3 Kd5 42. g4 e4+ 43. Nxe4 Bd4 44. Nd2 Bc3 45. Nb1 Kc4 46. Ke2 Bf6 47. Kd2 Bg5+ 48.
Kc2 a3 49. Kd1 Kd3 50. Ke1 Kc2 51. Ke2 Kxb1 52. Kd3 b3 53. axb3 a2 0-1